 Dungeon Crawl Stone Soup version 0.28.0-47-ge53b351184 (webtiles) character file.

Game seed: 13679115308171120152

329 Bruhh the Insei (level 6, 0/43 HPs)
             Began as a Merfolk Transmuter on Apr 30, 2022.
             Was an Initiate of Gozag.
             Shot with a stone by a goblin (1 damage)
             ... led by Robin
             ... on level 3 of the Dungeon.
             The game lasted 00:05:40 (2810 turns).

Bruhh the Insei (Merfolk Transmuter)                Turns: 2810, Time: 00:05:40

Health: 0/43       AC:  2    Str:  9 (10) XL:     6   Next: 50%
Magic:  6/9        EV: 20    Int: 13 (14) God:    Gozag
Gold:   227        SH:  0    Dex: 17 (20) Spells: 3/9 levels left

rFire   . . .      SeeInvis .     - Unarmed
rCold   . . .      Faith    .   (shield currently unavailable)
rNeg    . . .      Spirit   .   (armour currently unavailable)
rPois   x          Reflect  .   (helmet currently unavailable)
rElec   .          Harm     .   (cloak currently unavailable)
rCorr   .          Rampage  .   (gloves currently unavailable)
Will    .....                   (boots currently unavailable)
Stlth   ++........              (no amulet)
HPRegen 0.14/turn               (no ring)
MPRegen 0.11/turn               (no ring)

@: spider-form (expiring), gold aura
A: venomous fangs, tiny, (nimble swimmer 2), (mertail), (antennae 1),
(iridescent scales 1), mutation resistance 1
a: End Transformation, Renounce Religion, Potion Petition, Call Merchant, Bribe
Branch


You were on level 3 of the Dungeon.
You worshipped Gozag.
Gozag was aware of your devotion.
You were a venomous arachnid creature.
You visited 1 branch of the dungeon, and saw 3 of its levels.

You collected 276 gold pieces.
You paid 49 gold pieces to Gozag.

Inventory:

Armour
 a - a +1 robe (melded)
 g - a +2 cloak (melded)
Scrolls
 d - a scroll of vulnerability
 e - 3 scrolls of identify
 h - a scroll of holy word
Potions
 l - a potion of lignification


   Skills:
 - Level 1.1 Fighting
 - Level 2.6 Dodging
 - Level 7.5 Unarmed Combat
 + Level 2.3 Spellcasting
 + Level 3.2 Transmutations


You had 3 spell levels left.
You knew the following spells:

 Your Spells              Type           Power      Damage    Failure   Level
a - Beastly Appendage     Tmut           18%        N/A       19%         1
b - Wereblood             Tmut           9%         N/A       24%         2
c - Spider Form           Tmut/Pois      5%         N/A       58%         3

Your spell library contained the following spells:

 Spells                   Type           Power      Damage    Failure   Level
 Ice Form                 Ice/Tmut       5%         N/A       90%         4


Dungeon Overview and Level Annotations

Branches:
Dungeon (3/15)

Altars:
Gozag

Annotations:
D:3 1 runed translucent door, Crazy Yiuf


Innate Abilities, Weirdness & Mutations

You are a venomous arachnid creature.
You have poisonous fangs.
You are tiny and dextrous.
Your spellcasting is less reliable in this form.
Your armour is entirely melded.
You are incapable of wielding weapons or throwing items.
((You are very nimble when in or above water. (Stealth+, EV+, Speed+++)))
((Your lower body shifts to a powerful aquatic tail in water.))
((You have a pair of small antennae on your head.))
((You are partially covered in iridescent scales. (AC +2)))
You are somewhat resistant to further mutation.


Message History

The hobgoblin hits you but does no damage. x2
The goblin hits you but does no damage. x4
It was a potion of mutation.
You feel extremely strange. A pair of antennae grows on your head!
Iridescent scales grow over part of your body.
You feel genetically stable.
Robin is no longer distracted by gold.
The hobgoblin completely misses you. The hobgoblin closely misses you.
The goblin hits you but does no damage.
The goblin is distracted by your dazzling golden aura.
Robin roars a battlecry!
The goblins go into a battle-frenzy!
The goblin hits you but does no damage.
The hobgoblin hits you but does no damage.
The goblin barely misses you.
Casting: Spider Form (quite dangerous; 36% risk of failure)
Confirm with . or Enter, or press ? or * to list all spells.
The spell is quite dangerous to miscast (36% risk of failure)!
Continue anyway?
You turn into a venomous arachnid creature.
Your +2 cloak melds into your body.
Your +1 robe melds into your body.
The hobgoblin closely misses you. The hobgoblin misses you.
The goblin is distracted by your dazzling golden aura.
Robin completely misses you. The goblin misses you. x2
The goblin shouts!
You hit Robin.
Robin is severely wounded.
The bat is no longer distracted by gold.
The hobgoblin misses you. x2; Robin misses you.
The goblin hits you with a +0 dagger.
* * * LOW HITPOINT WARNING * * *
The hobgoblin misses you. The goblin hits you with a +0 club.
* * * LOW HITPOINT WARNING * * *
You bite Robin!
You kill Robin!
The hobgoblin misses you. x2; The goblin barely misses you.
Your transformation is almost over.
The hobgoblin completely misses you.
The goblin unwields a +0 club.
The goblin wields a +0 hunting sling.
The goblin shoots a stone.
The stone hits you.
You die...
Your body crumbles into a pile of gold.

#. #.### ###.#.#####
.........########### # #
#..................
....#.###§#§...$.........
....>...§ggg.............
.......§s§gg.............
.......#ggg§.!.$#########
....(...bg§.....#
........§.§.##..#
#..........§.....
#...#.<....##..###
............##..#
.[..........###.#
............#


You could see 2 hobgoblins, 5 goblins and a bat.

Vanquished Creatures
  Grinder (D:3)
  A hound (D:3)
  Jessica (D:2)
  Robin (D:3)
  An adder (D:3)
  A worm (D:2)
  2 dart slugs
  5 orcs (D:3)
  6 endoplasms
  3 giant cockroaches
  6 goblins
  2 hobgoblins (D:2)
  2 quokkas
  4 ball pythons
  2 bats
  7 kobolds
  6 rats
51 creatures vanquished.

Vanquished Creatures (others)
  2 demonic plants (D:1)
2 creatures vanquished.

Grand Total: 53 creatures vanquished

Notes
Turn   | Place    | Note
-------+----------+-------------------------------------------
     0 | D:1      | Bruhh the Merfolk Transmuter began the quest for the Orb.
     0 | D:1      | Reached XP level 1. HP: 15/15 MP: 3/3
   450 | D:1      | Found a faded altar of an unknown god.
   481 | D:1      | Reached XP level 2. HP: 18/21 MP: 3/5
   686 | D:1      | Reached skill level 4 in Unarmed Combat
  1000 | D:2      | Noticed Jessica
  1005 | D:2      | Killed Jessica
  1006 | D:2      | Reached XP level 3. HP: 18/26 MP: 4/6
  1212 | D:1      | Learned a level 2 spell: Wereblood
  1236 | D:2      | Reached skill level 5 in Unarmed Combat
  1623 | D:2      | Reached XP level 4. HP: 32/32 MP: 5/7
  1968 | D:3      | Noticed Robin
  1982 | D:3      | Noticed Grinder
  1989 | D:2      | Learned a level 3 spell: Spider Form
  2025 | D:3      | Paralysed by Grinder for 7 turns
  2035 | D:3      | Found an opulent altar of Gozag.
  2035 | D:3      | Paralysed by Grinder for 4 turns
  2043 | D:3      | Paralysed by Grinder for 3 turns
  2050 | D:3      | Killed Grinder
  2051 | D:3      | Reached skill level 7 in Unarmed Combat
  2051 | D:3      | Reached XP level 5. HP: 15/37 MP: 4/8
  2051 | D:3      | Reached XP level 6. HP: 17/43 MP: 4/9
  2367 | D:3      | Became a worshipper of Gozag Ym Sagoz the Greedy
  2678 | D:3      | Found a runed translucent door.
  2679 | D:3      | Noticed Crazy Yiuf
  2802 | D:3      | Identified a scroll of acquirement
  2802 | D:3      | Acquired the amulet "Sybbef" {RegenMP Str+5}
  2806 | D:3      | Gained mutation: You have a pair of small antennae on your
                  | head. [potion of mutation]
  2806 | D:3      | Gained mutation: You are partially covered in iridescent
                  | scales. (AC +2) [potion of mutation]
  2806 | D:3      | Gained mutation: You are somewhat resistant to further
                  | mutation. [potion of mutation]
  2808 | D:3      | HP: 1/43 [goblin/+0 club[Robin] (6)]
  2809 | D:3      | Killed Robin
  2810 | D:3      | Shot with a stone by a goblin

Illustrated notes

Levels and vault maps discovered:
D:1:      nicolae_arrival_memento_mori, layout_loops_ring,
          shapermc_ecumenical_altar_gd, minivault_19
D:2:      layout_rooms, serial_glass, glass_columns_b, glass_columns_a,
          glass_columns_a, glass_columns_a, glass_columns_a, glass_columns_b,
          uniq_jessica
D:3:      layout_basic, nicolae_overflow_hidden_temple,
          nicolae_gozag_seed_capital, uniq_crazy_yiuf_cottage, uniq_robin,
          uniq_grinder

Skill      XL: |  1  2  3  4  5  6 |
---------------+-------------------+-----
Unarmed Combat | 4 5 7 |  7.5
Transmutations | 3 |  3.2
Fighting       | |  1.1
Dodging        | |  2.6
Spellcasting   | |  2.3

Action                   |  1- 3 |  4- 6 || total
-------------------------+-------+-------++-------
Melee: Unarmed           |    81 |    78 ||   159
       Headbutt          |    12 |     9 ||    21
       Punch             |     1 |     3 ||     4
 Cast: Beastly Appendage |    20 |    11 ||    31
       Wereblood         |     1 |     1 ||     2
       Spider Form       |       |     4 ||     4
  Use: Scroll            |       |     7 ||     7
       Potion            |       |     6 ||     6
 Stab: Sleeping          |     1 |       ||     1
       Distracted        |       |     1 ||     1
Armor: Robe              |    25 |    35 ||    60
       Skin              |       |    57 ||    57
Dodge: Dodged            |    33 |    69 ||   102
